Doug, lawful male dwarven Archeologist --------------------------------- --------- ................................. +.......| | ------------.....------------.| #|.......| |!!%|...|%!|.....+ |(((|...|.| #......<.| |![?|...|%%|.....| |(](|...|.| #-------.- |![(|...|..|.....| |.%.|...|.| ## |...|...||--.....-----|--|---.| ## | --|---|--.....................| ` ## |.............{......{.......%...###### ## | --|--|---....--|---...........| ######## |@h.|...----.|....|.------|--.| ## |.(m|...| |.|....|.+ |....|.| ## |.(f|...| +.|.._.|.| |.(..|.| |(((|...| |.|....|.| |....|.| | ------------.------.---------.| |................................ --------------------------------- Doug the Investigator Experience level: 6 Strength: 16 Dexterity: 10 Constitution: 16 Intelligence: 15 Wisdom: 15 Charisma: 7 Health: 0(75) Energy: 17(17) Def: 8 Gold: 249 Moves: 5442 Dungeon seed: CSqDm72sOPewF20c Game ID: Doug_1593101075 Your Inventory: Coins $ - 249 gold pieces Amulets E - an uncursed amulet of reflection (being worn) J - a cursed amulet of change Weapons h - 7 uncursed +0 shuriken H - an uncursed +2 bullwhip (alternate weapon; not wielded) Armor r - an uncursed +0 orcish helm (being worn) y - an uncursed +0 alchemy smock (being worn) z - an uncursed +0 splint mail (being worn) Comestibles b - 9 uncursed food rations l - an uncursed fortune cookie p - an uncursed egg u - an uncursed tin of female newt meat C - an uncursed banana D - 4 uncursed slime molds K - an uncursed partly eaten food ration R - 2 uncursed lichen corpses W - 3 uncursed carrots Z - an uncursed tin of brown mold Scrolls s - an uncursed scroll of confuse monster Potions m - an uncursed potion of healing Rings k - an uncursed ring of slow digestion n - an uncursed ring of slow digestion t - an uncursed +1 ring of increase accuracy w - an uncursed ring of polymorph control A - an uncursed -1 ring of searching B - a cursed ring of slow digestion G - a cursed ring of aggravate monster Wands i - an uncursed wand of fire (0:0) o - a cursed wand of death (0:3) v - an uncursed wand of cancellation (0:3) x - an uncursed wand of summoning (0:4) Tools a - an uncursed magic whistle c - an uncursed oil lamp (0:1457) e - an uncursed +0 pick-axe (weapon in hand) f - an uncursed tinning kit (0:94) g - a blessed tallow candle (0:200) F - an uncursed sack I - a blessed crystal ball (0:2) L - an uncursed wax candle (0:400) V - an uncursed brass lantern (0:1226) Gems q - an uncursed touchstone N - an uncursed worthless piece of green glass Y - an uncursed luckstone Contents of the sack: 669 gold pieces 2 blessed scrolls of blank paper 2 uncursed scrolls of blank paper 2 uncursed scrolls of earth an uncursed scroll of light an uncursed potion of enlightenment an uncursed potion of extra healing an uncursed potion of gain level an uncursed potion of water Spells and supernatural/magical abilities: Name Level Category Cost Memory W - pray for help -- divine ? -- Your skills at the end: Fighting Skills wands [Basic] Weapon Skills pick-axe [Expert] whip [Basic] Spellcasting Skills Final Attributes: You were devoutly aligned. You were immune to poison. You were immune to acid. You were telepathic. You had infravision. You were stealthy. You were held by a giant mimic. You were fast. You had reflection. You were lucky. You had extra luck. Bad luck did not time out for you. Good luck did not time out for you. You last prayed 1225 turns ago. Quetzalcoatl was noncommittal. You are dead. Vanquished creatures: a small mimic 2 leprechauns 2 dingos an imp a fog cloud 2 shriekers a violet fungus a paper golem a little dog 6 floating eyes a homunculus a kobold lord 2 hill orcs 2 giant bats 2 orc zombies 6 dwarf zombies 3 iguanas an acid blob 4 coyotes 2 hobbits 2 manes 2 large kobolds 4 hobgoblins 2 giant rats 5 green molds 2 red molds 2 gnomes 9 garter snakes a gnome zombie 3 geckos 13 jackals 6 foxes 3 goblins 6 sewer rats 19 grid bugs 4 bats 5 lichens a kobold zombie 11 newts 142 creatures vanquished. Voluntary challenges: You had been an atheist until turn 4214. You used a wielded weapon 205 times, starting on turn 19. You were illiterate. You never genocided any monsters. You never polymorphed an object. You never changed form. You used no wishes. You never split a pudding. You never wrote Elbereth's name. You violated your moral code, losing 34 points of alignment, starting on turn 4856. Dungeon overview: The Dungeons of Doom: levels 1 to 7 Level 1 a long staircase Level 2 a weapon shop, a vault stairs to The Gnomish Mines Level 3 Level 4 a sink Level 5 some fountains Level 6 stairs to Sokoban Level 7 an altar to Quetzalcoatl, a fountain The Gnomish Mines: levels 3 to 5 Level 3 stairs to The Dungeons of Doom Level 4 Level 5 <- You were here many shops, a temple to Camaxtli, some fountains Sokoban: levels 2 to 5 Level 2 Solved Level 3 Solved Level 4 Solved Level 5 Solved stairs to The Dungeons of Doom History has recorded: On T:1 you entered the Dungeons of Doom to retrieve the Amulet of Yendor! On T:7 you reached level 2 of The Dungeons of Doom. On T:11 you reached level 3 of The Dungeons of Doom. On T:15 you reached level 4 of The Dungeons of Doom. On T:32 you reached level 5 of The Dungeons of Doom. On T:58 you reached level 6 of The Dungeons of Doom. On T:74 you reached level 7 of The Dungeons of Doom. On T:305 you reached level 4 of Sokoban. On T:535 you reached level 3 of Sokoban. On T:824 you advanced to experience level 2. On T:1025 you advanced to experience level 3. On T:1130 you reached level 2 of Sokoban. On T:1427 you reached level 1 of Sokoban. On T:2177 you advanced to experience level 4. On T:2448 you advanced to experience level 5. On T:3911 you advanced to experience level 6. On T:4941 you reached level 1 of The Gnomish Mines. On T:4985 you reached level 2 of The Gnomish Mines. On T:5181 you reached level 3 of The Gnomish Mines. Score breakdown: Gold: 918 (10080 points) Experience: 6 levels (12456 points) Exploration: 7 levels ( 14.29%) (10606 points) Discoveries: 6 items ( 2.03%) ( 4271 points) Valuables value: (no points given unless you survive) Artifact value: 0 ( 0 points) Variety of kills: 39 monsters ( 10.26%) ( 9610 points) Turncount: 5442 turns (-1479 points) Survival: died (score multiplied by 80%) Total score: 36435 Latest messages: The giant mimic hits! (2x) You hit the giant mimic. You hit the giant mimic! You hit the giant mimic. (2x) The giant mimic hits! (2x) You miss the giant mimic. You hit the giant mimic! You feel more confident in your weapon skills. You hit the giant mimic! You are now most skilled in pick-axe. You hit the giant mimic. The giant mimic hits! The giant mimic just misses! You hit the giant mimic! You hit the giant mimic. You miss the giant mimic. You hear a door open. You miss the giant mimic. The giant mimic hits! (2x) You die... Nosalnef gratefully inherits all your possessions. Final status: Goodbye Doug the Archeologist, killed by a giant mimic... You died in The Gnomish Mines on dungeon level 5 with 36435 points, and 918 pieces of gold, after 5442 moves. You were level 6 with a maximum of 75 hit points when you died.